Map: [ESL] Tropical Sacrifice

Players

AqueroN

  • Race: Terran Terran
  • Spawn Location: 7:00

SKillous - Winner!

  • Race: Protoss Protoss
  • Spawn Location: 1:00

Event: DreamHack SC2 Masters 2022 Atlanta (Online)

VOD

Have the link to the VOD?

Description

Time

  • Played on: Oct. 4, 2022, 2:17 p.m.
  • Length: 9:50

All games in this series

Show
View Real Time Build Order
Export as new Build Order

AqueroN Terran 

Build Orders: Liberator Opening 

Get SALT Encoding   

  12  0:00  SCV  
  13  0:12  SCV  
  14  0:18  Supply Depot  
  14  0:24  SCV  
  15  0:40  SCV  
  16  0:45  Barracks  
  16  0:47  Refinery  
  16  0:52  SCV  
  17  0:57  Refinery  
  17  1:04  SCV  
  18  1:16  SCV  
  19  1:32  Reaper, Orbital Command  
  20  1:39  Supply Depot  
  20  1:46  Factory  
  20  1:58  SCV  
  21  2:06  Barracks Tech Lab  
  21  2:10  SCV  
  22  2:16  Supply Depot  
  22  2:22  SCV  
  22  2:27  Concussive Shells, Marauder  
  25  2:30  Hellion  
  28  2:40  SCV  
  28  2:43  Starport  
  28  2:49  Marauder  
  30  2:51  Hellion  
  30  2:53  Supply Depot  
  32  2:58  SCV  
  33  3:10  Marauder  
  35  3:17  Hellion  
  37  3:30  Liberator  
  37  3:31  Marauder  
  42  3:37  SCV  
  34  3:50  SCV, Factory Tech Lab  
  33  4:02  SCV  
  34  4:03  Command Center  
  37  4:10  Siege Tank  
  37  4:14  SCV  
  37  4:15  Viking  
  38  4:18  Command Center  
  38  4:27  SCV  
  39  4:32  Supply Depot  
  39  4:39  SCV  
  35  4:46  Widow Mine  
  35  4:52  SCV  
  34  4:57  Viking  
  36  5:08  SCV, Factory Tech Lab  
  37  5:18  Supply Depot  
  37  5:20  SCV  
  38  5:22  Barracks Reactor  
  38  5:27  Siege Tank  
  39  5:30  Orbital Command  
  39  5:32  SCV  
  40  5:38  Viking  
  39  5:44  SCV  
  40  5:54  Barracks  
  40  5:56  SCV  
  41  6:01  Barracks  
  41  6:03  Marine x2  
  43  6:08  SCV  
  44  6:12  Siege Tank  
  44  6:13  Orbital Command  
  47  6:23  SCV  
  48  6:28  Marine x2  
  46  6:34  Barracks  
  46  6:36  Barracks  
  46  6:37  SCV  
  46  6:38  SCV  
  48  6:42  Barracks Tech Lab  
  48  6:49  SCV  
  48  6:50  Marine x2  
  48  6:51  SCV  
  52  6:57  Siege Tank  
  52  7:01  SCV  
  56  7:03  SCV  
  56  7:04  Supply Depot  
  56  7:05  Marine x2  
  59  7:09  Stimpack  
  59  7:11  Marine  
  59  7:13  Marine  
  61  7:16  SCV x2  
  63  7:24  Marine  
  63  7:25  Marine x2, Starport Reactor  
  63  7:28  Barracks Tech Lab  
  63  7:29  Marine  
  67  7:31  Marine  
  67  7:33  Siege Tank  
  71  7:38  SCV  
  71  7:39  Supply Depot  
  72  7:47  SCV, Marine x3  
  72  7:48  Combat Shield  
  72  7:49  Marauder  
  78  7:57  Supply Depot  
  78  8:00  Supply Depot  
  78  8:01  Marauder  
  78  8:02  Refinery  
  80  8:07  Marine x4  
  84  8:17  Marauder  
  86  8:20  Medivac  
  86  8:22  Marine  
  86  8:23  SCV  
  86  8:24  SCV  
  86  8:25  Marine x4  
  95  8:31  Supply Depot  
  95  8:32  Supply Depot  
  95  8:36  Medivac  
  95  8:40  Marauder  
  99  8:42  Marine  
  99  8:43  Marine x2  
  99  8:45  Marine  
  103  8:51  Medivac  
  105  8:59  Marine  
  105  9:00  Marine x2  
  105  9:01  Marine  
  109  9:07  Siege Tank  
  112  9:12  Marine  
Show
View Real Time Build Order
Export as new Build Order

SKillous Protoss - Winner!

Build Orders:  

Get SALT Encoding   

  12  0:00  Probe  
  13  0:12  Probe  
  14  0:17  Pylon  
  14  0:24  Probe  
  15  0:36  Gateway  
  15  0:37  Probe (Chrono Boost)  
  16  0:46  Probe (Chrono Boost), Assimilator  
  17  0:51  Probe (Chrono Boost)  
  18  1:03  Probe  
  19  1:15  Probe  
  20  1:23  Cybernetics Core  
  20  1:24  Zealot  
  22  1:35  Pylon  
  22  1:48  Nexus  
  22  1:51  Probe  
  23  1:56  Assimilator  
  23  2:02  Stalker (Chrono Boost)  
  23  2:06  Warp Gate (Chrono Boost)  
  26  2:08  Probe  
  26  2:20  Probe  
  27  2:30  Stalker  
  27  2:32  Probe  
  30  2:40  Gateway  
  30  2:44  Probe  
  31  2:51  Pylon  
  31  3:00  Probe, Stalker  
  31  3:04  Probe  
  35  3:09  Shield Battery  
  35  3:12  Probe  
  36  3:18  Probe  
  35  3:22  Gateway  
  35  3:25  Probe  
  37  3:36  Shield Battery  
  37  3:38  Probe  
  33  3:43  Stalker  
  33  3:45  Probe (Chrono Boost)  
  33  3:50  Probe (Chrono Boost)  
  33  3:52  Stalker  
  36  4:02  Probe (Chrono Boost)  
  38  4:03  Probe (Chrono Boost)  
  38  4:07  Stalker  
  40  4:16  Robotics Facility  
  39  4:17  Stalker  
  43  4:28  Stalker  
  43  4:30  Shield Battery, Probe  
  44  4:33  Probe  
  45  4:40  Stalker  
  45  4:47  Stalker  
  45  4:49  Probe (Chrono Boost)  
  49  4:54  Probe (Chrono Boost)  
  50  5:00  Adept, Probe (Chrono Boost)  
  50  5:04  Pylon  
  50  5:05  Probe (Chrono Boost)  
  53  5:10  Probe  
  53  5:11  Pylon  
  54  5:17  Twilight Council  
  54  5:22  Probe (Chrono Boost)  
  56  5:29  Stalker  
  56  5:32  Probe (Chrono Boost), Assimilator  
  56  5:34  Probe (Chrono Boost)  
  59  5:41  Probe (Chrono Boost)  
  59  5:42  Probe (Chrono Boost)  
  61  5:47  Observer (Chrono Boost)  
  61  5:48  Charge (Chrono Boost)  
  61  5:49  Probe  
  61  5:52  Probe  
  62  6:00  Nexus  
  62  6:01  Observer (Chrono Boost), Probe  
  62  6:03  Pylon  
  64  6:04  Probe  
  65  6:15  Gateway  
  65  6:18  Gateway  
  65  6:20  Gateway  
  65  6:23  Probe  
  66  6:30  Probe  
  63  6:34  Pylon  
  63  6:37  Probe  
  63  6:38  Templar Archives  
  63  6:39  Assimilator  
  64  6:42  Probe  
  65  6:49  Probe  
  66  6:54  Probe  
  66  6:58  Gateway, Psionic Storm  
  66  6:59  Gateway  
  66  7:00  Pylon  
  67  7:01  Probe  
  67  7:05  Observer  
  67  7:06  Probe  
  68  7:13  Probe x2  
  70  7:18  Probe  
  70  7:19  High Templar  
  73  7:23  Zealot x2, Observer, High Templar  
  73  7:25  Probe  
  73  7:26  Probe  
  73  7:27  Zealot  
  83  7:30  Shield Battery  
  83  7:32  Probe, Pylon  
  84  7:37  Probe, High Templar  
  84  7:38  Probe  
  84  7:41  Pylon  
  88  7:47  Zealot x2  
  92  7:51  Zealot x2  
  92  7:55  Shield Battery  
  96  8:00  Sentry x2  
  96  8:01  Zealot  
  96  8:05  Probe  
  102  8:07  Pylon  
  102  8:09  Immortal (Chrono Boost), Pylon  
  106  8:13  Zealot x2  
  106  8:15  Zealot  
  112  8:22  Assimilator  
  112  8:23  Assimilator  
  112  8:25  Pylon  
  112  8:27  Zealot x3  
  118  8:35  Zealot x3  
  118  8:39  High Templar x2  
  128  8:43  Archon  
  128  8:46  Immortal (Chrono Boost)  
  128  8:51  Pylon  
  128  8:52  Pylon  
  132  8:59  Zealot x4  
  140  9:06  Zealot x2  
  144  9:12  Zealot x2  
  128  9:35  Zealot x7  
  110  9:44  Zealot  
Tags
 
Add a new tag
Caveats
  • Supply blocks, unpowered buildings, or Contaminate may cause inaccurate times.
  • Supply counts are checked every 10 seconds.